 Dungeon Crawl Stone Soup version 0.19-a0-1213-g90c832c (webtiles) character file.

31 Kuno2 the Chiller (level 3, -5/24 HPs)
             Began as a Merfolk Ice Elementalist on Aug 22, 2016.
             Slain by Sigmund
             ... wielding a +0 scythe
              (8 damage)
             ... on level 2 of the Dungeon.
             The game lasted 00:14:24 (1487 turns).

Kuno2 the Chiller (Merfolk Ice Elementalist)        Turns: 1487, Time: 00:14:25

Health: -5/24      AC:  3    Str:  8    XL:     3   Next: 22%
Magic:  6/6        EV: 13    Int: 14    God:
Gold:   38         SH:  0    Dex: 15    Spells: 2 memorised, 3 levels left

rFire  . . .     SeeInvis .     h - +0 spear
rCold  . . .     Gourm    .     k - +0 leather armour
rNeg   + . .     Faith    .     (no shield)
rPois  .         Spirit   .     (no helmet)
rElec  .         Dismiss  .     (no cloak)
rCorr  .         Reflect  .     (no gloves)
MR     .....     Harm     .     (no boots)
Stlth  +++.......               (no amulet)
                                j - ring of stealth
                                d - ring of positive energy

@: no status effects
A: change form in water, swift swim
a: no special abilities


You were on level 2 of the Dungeon.
You were not hungry.

You visited 1 branch of the dungeon, and saw 2 of its levels.

You collected 38 gold pieces.

Inventory:

Hand Weapons
 h - a +0 spear (weapon)
Armour
 a - a +0 robe
 k - a +0 leather armour (worn)
Jewellery
 d - a ring of positive energy (left hand)
 j - a ring of stealth (right hand)
Scrolls
 e - 2 scrolls of remove curse
 f - a scroll of recharging {unknown}
 i - a scroll of enchant weapon {unknown}
 l - 3 scrolls of identify {unknown}
 m - a scroll of fear {unknown}
 n - 2 scrolls of magic mapping {unknown}
 o - a scroll of enchant armour {unknown}
Potions
 g - a potion of curing {unknown}
Books
 b - a book of Frost

   Spells                             Type                      Level
   a - Freeze                         Ice                          1
   b - Throw Frost                    Conjuration/Ice              2
   c - Ozocubu's Armour               Charms/Ice                   3
   d - Throw Icicle                   Conjuration/Ice              4
   e - Summon Ice Beast               Ice/Summoning                4
Comestibles
 c - 2 chunks of flesh
 p - a meat ration
 q - a bread ration


   Skills:
 * Level 2.8 Polearms
 - Level 3.1 Dodging
 - Level 2.1 Stealth
 - Level 2.0 Spellcasting
 + Level 0.8 Conjurations
 - Level 3.5 Ice Magic


You had 3 spell levels left.
You knew the following spells:

 Your Spells              Type           Power        Failure   Level  Hunger
a - Freeze                Ice            ##..         10%         1    ##.....
b - Throw Frost           Conj/Ice       #.....       24%         2    ###....


Dungeon Overview and Level Annotations

Branches:
Dungeon (2/15)

Altars:

Annotations:
D:2 Sigmund


Message History

The puff of flame misses you.
There is an escape hatch in the ceiling here.
A mysterious force pulls you upwards. The hatch slams shut behind you.
Some of the chunks of flesh in your inventory have rotted away.
Some of the chunks of flesh in your inventory have rotted away.
There is a stone staircase leading down here.
Unknown command.
You climb downwards.
Level annotation: Sigmund
There is a stone staircase leading up here.
Sigmund casts a spell.
Sigmund flickers and vanishes!
Deactivating autopickup; reactivate with Ctrl-A.
Something hits you!
Ouch! That really hurt!
You hit something. Something hits you!
* * * LOW HITPOINT WARNING * * *
Something hits you!
You die...

#.###.@..............
#.........#........#
#.#....#..##..#.#..#
###.#................##
......................
......##....#......#.
##.#...##.............
...####.#...##..###......#(
..........@.<..............
..####.#.#.##.####......##
####.<...##......#....#
#.......................
#.........#......#.#..#
#.........).........>#
#...<.....##.....#.#.#
#.........##.....# # #
#.........######.#


There were no monsters in sight!

Vanquished Creatures
  2 dart slugs
  5 bats
  A giant cockroach (D:2)
  7 goblins
  3 hobgoblins
  2 jackals (D:2)
  A giant newt (D:1)
  2 kobolds (D:2)
  A rat (D:1)
24 creatures vanquished.

Notes
Turn   | Place    | Note
-------+----------+-------------------------------------------
     0 | D:1      | Kuno2 the Merfolk Ice Elementalist began the quest for the Orb.
     0 | D:1      | Reached XP level 1. HP: 13/13 MP: 3/3
     1 | D:1      | Noticed an electric eel
   289 | D:1      | Reached XP level 2. HP: 19/19 MP: 3/5
   629 | D:1      | Reached skill level 1 in Polearms
   806 | D:1      | Learned a level 2 spell: Throw Frost
  1044 | D:2      | Reached XP level 3. HP: 11/24 MP: 0/6
  1432 | D:2      | Noticed Sigmund
  1487 | D:2      | Slain by Sigmund

Vault maps used:
D:1:      arrival_aquarium_a
D:2:      nicolae_overflow_hidden_temple, first_bread, elyvilon_altar_4,
          uniq_terence, uniq_sigmund, uniq_natasha

Skill      XL: |  1  2 |
---------------+-------+-----
Dodging        | 3 |  3.1
Polearms       | 2 |  2.8
Stealth        | |  2.1
Spellcasting   | |  2.0
Conjurations   | |  0.8
Ice Magic      | |  3.5

Action                   || total
-------------------------++-------
Melee: Unarmed           ||     6
       Spear             ||    39
 Cast: Freeze            ||    19
       Throw Frost       ||     8
  Use: Scroll            ||     1
  Eat: Bread ration      ||     1
Armor: Leather armour    ||     9
Dodge: Dodged            ||    25
